 Dungeon Crawl Stone Soup version 0.21-a0-504-g2eda33064f (webtiles) character file.

30 Grim the Chucker (level 3, -1/37 HPs)
             Began as an Ogre Hunter on Nov 25, 2017.
             Killed by nerve-wracking pain
             ... invoked by Jessica
              (10 damage)
             ... on level 2 of the Dungeon.
             The game lasted 00:05:48 (1845 turns).

Grim the Chucker (Ogre Hunter)                      Turns: 1845, Time: 00:05:48

Health: -1/37      AC:  3    Str: 16    XL:     3   Next: 18%
Magic:  3/3        EV: 10    Int: 12    God:
Gold:   42         SH:  0    Dex: 10    Spells: 2/2 levels left

rFire    . . .     SeeInvis .   e - +0 club
rCold    . . .     Gourm    .   (no shield)
rNeg     . . .     Faith    .   b - +0 robe
rPois    .         Spirit   .   (helmet restricted)
rElec    .         Reflect  .   (no cloak)
rCorr    .         Harm     .   (gloves unavailable)
MR       .....                  (boots unavailable)
Stlth    +.........             (no amulet)
HPRegen  0.12/turn              (no ring)
MPRegen  0.08/turn              (no ring)

@: hasted, very quick
A: large, unfitting armour, tough skin 1
a: no special abilities


You were on level 2 of the Dungeon.
You were not hungry.

You visited 1 branch of the dungeon, and saw 2 of its levels.

You collected 42 gold pieces.

Inventory:

Hand Weapons
 a - a +0 short sword
 e - a +0 club (weapon)
Missiles
 d - 2 throwing nets (quivered)
Armour
 b - a +0 robe (worn)
Scrolls
 i - 3 scrolls of identify {unknown}
 k - a scroll of remove curse {unknown}
 l - a scroll of noise {unknown}
 m - a scroll of magic mapping {unknown}
 o - a scroll of teleportation {unknown}
Potions
 g - a potion of magic
Comestibles
 f - 2 bread rations


   Skills:
 + Level 3.5 Fighting
 * Level 1.7 Maces & Flails
 - Level 4.1 Throwing
 - Level 1.7 Dodging
 - Level 0.6 Stealth


You had 2 spell levels left.
You didn't know any spells.

Dungeon Overview and Level Annotations

Branches:
Dungeon (2/15)

Altars:

Annotations:
D:2 Jessica


Innate Abilities, Weirdness & Mutations

You are too large for most types of armour.
You have tough skin. (AC +1)


Message History

Your transformation is almost over.
Jessica hits you but does no damage. x2
You closely miss Jessica.
Jessica is lightly wounded.
Jessica hits you but does no damage.
Jessica gestures wildly while chanting.
Jessica blinks!
You cannot move.
Unknown command.
It was a potion of haste.
You feel yourself speed up.
Jessica mumbles some strange words.
Jessica blinks!
Jessica hits you but does no damage.
You hit Jessica but do no damage. Jessica hits you but does no damage.
You closely miss Jessica.
You feel less wooden.
Your +0 robe unmelds from your body.
Jessica points at you and mumbles some strange words.
Pain shoots through your body!
You die...

###################
#########.......).........##
#..)....#.##########........
#.####(...##########.#......
#.# #..#(.@@†.(.....(..##.##
#.# #.....##########.####.##
#.# #.#)#.# #.# #.## #.#
#.#.#.# #.. .... #.#
#.#.#.#### #.## #.## #.#
#.......... ..# #.## #.#
#.#.######. #.# #.# #<#
#.#.# #.# #.# #.#(#


You could see Jessica.

Vanquished Creatures
  A worm (D:2)
  2 leopard geckos (D:1)
  A giant cockroach (D:1)
  2 goblins (D:1)
  4 hobgoblins
  3 jackals (D:1)
  A bat (D:1)
  3 frilled lizards
  4 kobolds
  3 rats (D:1)
24 creatures vanquished.

Notes
Turn   | Place    | Note
-------+----------+-------------------------------------------
     0 | D:1      | Grim the Ogre Hunter began the quest for the Orb.
     0 | D:1      | Reached XP level 1. HP: 22/22 MP: 1/1
   579 | D:1      | Reached XP level 2. HP: 31/31 MP: 2/2
   619 | D:1      | Reached skill level 1 in Maces & Flails
  1613 | D:2      | Reached XP level 3. HP: 24/37 MP: 3/3
  1781 | D:2      | Noticed Jessica
  1845 | D:2      | Killed from afar by Jessica

Vault maps used:
D:1:      minmay_arrival_plants_in_alcoves
D:2:      nemelex_xobeh_ov_fountains_minmay, old_standard_altar, first_bread,
          chequers_ecumenical_altar_twisty, uniq_jessica

Skill      XL: |  1  2 |
---------------+-------+-----
Fighting       | 3 |  3.5
Maces & Flails | 1 |  1.7
Throwing       | |  4.1
Dodging        | |  1.7
Stealth        | |  0.6

Action                   || total
-------------------------++-------
Melee: Short sword       ||    19
       Club              ||   113
Throw: Large rock        ||    10
  Use: Potion            ||     4
 Stab: Sleeping          ||     3
  Eat: Bread ration      ||     1
Armor: Robe              ||    33
       Skin              ||    21
Dodge: Dodged            ||    75

Table legend:
 A = Spawn XP
 B = Non-spawn XP
 C = Spawn XP percentage of total XP
 D = Spawn monster count
 E = Non-spawn monster count
 F = Spawn count percentage of total count
 G = Total turns spent on level
                    A         B        C        D         E        F      G
               +---------+---------+-------+---------+---------+-------+---------
         Total |       0 |      43 |   0.0 |       0 |      24 |   0.0 |  1845
               +---------+---------+-------+---------+---------+-------+---------
           D:1 |       0 |      31 |   0.0 |       0 |      19 |   0.0 |  1583
           D:2 |       0 |      12 |   0.0 |       0 |       5 |   0.0 |   262
               +---------+---------+-------+---------+---------+-------+---------
